Selects Australian Defense Battlegroup
Selects Australian Defense Battlegroup
Selects Australian Light Infantry Section
Australian Light Infantry Section
Australian Light Infantry Section
Australian Light Infantry Section
Construct Section Command Post
Selects 2-pounder Anti-tank Gun Team
2-pounder Anti-tank Gun Team
Construct Platoon Command Post
Australian Light Infantry Section
Selects CMP 15cwt Supply Run
Selects Reinforced Resource Caches
Construct Company Command Post
2-pounder Anti-tank Gun Team
Selects Vehicle Over Repair
Construct Field Infirmary